 Dungeon Sprint DCSS version 0.27-a0-633-gc6addc0a40 (webtiles) character file.

Game seed: 17522351702338580007

38059 mhtbhm the Warrior (level 14, -4/108 HPs)
             Began as a Kobold Berserker on Mar 13, 2021.
             Was the Champion of Trog.
             Killed from afar by a nagaraja (34 damage)
             ... with a lance of force
             ... in the Dungeon (Sprint IX: "|||||||||||||||||||||||||||||").
             The game lasted 00:12:10 (5381 turns).

mhtbhm the Warrior (Kobold Berserker)               Turns: 5381, Time: 00:12:10

Health: -4/108     AC: 22    Str: 18    XL:     14   Next: 32%
Magic:  14/14      EV: 21    Int:  9    God:    Trog [******]
Gold:   197        SH:  9    Dex: 18    Spells: 13/13 levels left

rFire    . . .     SeeInvis +   y - +5 quick blade (vorpal)
rCold    . . .     Faith    .   A - +0 kite shield {reflect}
rNeg     . . .     Spirit   .   b - +2 scale mail {rPois}
rPois    +         Reflect  +   B - +0 helmet {SInv}
rElec    .         Harm     .   k - +0 cloak
rCorr    .         Rampage  .   z - +2 pair of gloves {Stlth+}
Will     +....     NoTele   +   x - +2 pair of boots {Stlth+}
Stlth    +++++++...             (no amulet)
HPRegen  0.28/turn              q - +4 ring of evasion
MPRegen  0.14/turn              m - +3 ring of dexterity

@: berserk cooldown, slowed, very slow
A: small, no large weapons, nightstalker 3
a: Renounce Religion, Berserk, Trog's Hand, Brothers in Arms


You were in the Dungeon.
You worshipped Trog.
Trog was exalted by your worship.
You visited 1 branch You collected 1925 gold pieces.
You spent 1728 gold pieces at shops.

Inventory:

Hand Weapons
 a - a +6 vorpal rapier
 j - a +2 scimitar of holy wrath
 y - a +5 vorpal quick blade (weapon)
Missiles
 o - 4 throwing nets
Armour
 b - a +2 scale mail of poison resistance (worn)
 k - a +0 cloak (worn)
 x - a +2 pair of boots of stealth (worn)
 z - a +2 pair of gloves of stealth (worn)
 A - a +0 kite shield of reflection (worn)
 B - a +0 helmet of see invisible (worn)
Jewellery
 m - a +3 ring of dexterity (left hand)
 q - a +4 ring of evasion (right hand)
 v - a ring of poison resistance
 w - a ring of protection from fire
Wands
 l - a wand of acid (4)
 n - a wand of iceblast (6)
 u - a wand of paralysis (10)
Scrolls
 h - 2 scrolls of blinking
 r - 6 scrolls of enchant armour
 s - 3 scrolls of fog
 t - 2 scrolls of enchant weapon
 D - a scroll of identify
Potions
 c - 8 potions of curing
 d - a potion of heal wounds
 e - 4 potions of haste
 f - 4 potions of magic
 g - 2 potions of berserk rage
 i - 2 potions of invisibility
 p - 3 potions of might
 C - a potion of resistance


   Skills:
 + Level 20.5 Fighting
 + Level 20.4(23.1) Short Blades
 + Level 13.4(15.8) Long Blades
 + Level 13.9 Armour
 + Level 12.1 Dodging
 + Level 13.6 Stealth
 + Level 2.2 Shields
 + Level 3.2 Evocations


You had 13 spell levels left.
You didn't know any spells.
Your spell library was empty.

Dungeon Overview and Level Annotations

Branches:
Dungeon (1/1)

Altars:
Cheibriados
Dithmenos
Elyvilon
Fedhas
Gozag
Hepliaklqana
Kikubaaqudgha
Makhleb
Nemelex Xobeh
Okawaru
Qazlal
Ru
Sif Muna
Trog
Uskayaw
Vehumet
Wu Jian
Xom
Yredelemnul
Zin
The Shining One
Beogh
Jiyva
Lugonu

Shops:
D [[[!


Innate Abilities, Weirdness & Mutations

You are small and have problems with some larger weapons.
You are completely attuned to the shadows.


Message History

The bolt of acid hits the shock serpent!
The shock serpent is splashed with acid.
The shock serpent seems to be corroded for longer.
The shock serpent is almost dead.
The bolt of acid hits the nagaraja!
The nagaraja is splashed with acid.
The nagaraja seems to be corroded for longer.
The nagaraja is moderately wounded.
The bolt of acid hits the mana viper!
The mana viper is splashed with acid.
The mana viper is almost dead.
The bolt of acid hits the black mamba!
The black mamba is splashed with acid.
The black mamba seems to be corroded for longer.
The black mamba is almost dead.
The shock serpent's electric aura discharges, shocking you!
* * * LOW HITPOINT WARNING * * *
You feel sick.
You block the shock serpent's attack. x2
The shock serpent completely misses you.
Unknown command.
You feel much better.
You feel sick. The shock serpent closely misses you.
The shock serpent barely misses you.
Your troll goes berserk!
You feel sick. The shock serpent bites you. The shock serpent shocks you!
The shock serpent bites you. The shock serpent shocks you!
* * * LOW HITPOINT WARNING * * *
Unknown command.
You swap places.
You feel sick. The shock serpent bites your troll!
The shock serpent shocks your troll!
Your troll bites the shock serpent!!
The shock serpent dies!
Trog accepts your kill.
The air sparks with electricity, shocking your troll!
The nagaraja casts a spell at you. The poison arrow hits your troll!!!
Your troll looks as sick as possible!
Your troll dies!
Your troll's corpse disappears in a puff of smoke!
You see here a +0 robe.
Okay, then.
You feel better.
The nagaraja points at you and mumbles some strange words.
The lance of force hits you!!
You die...

)∩)∩.∩.∩..)))'...)))))))))'..).))
▓▓▓▓▓▓▓▓▓▓▓▓▓▓▓▓▓▓▓▓▓▓▓▓▓▓▓▓▓▓▓▓▓
..........[))..................))
▓▓▓▓▓▓▓▓▓▓▓▓▓▓▓▓▓▓▓▓▓▓▓▓▓▓▓▓▓▓▓▓▓
.....[...[.'=.........[[[[[[[[.))
▓▓▓▓▓▓▓▓▓▓▓▓▓▓▓▓▓▓▓▓▓▓▓▓▓▓▓▓▓▓▓▓▓
........)))))....................
▓▓▓▓▓▓▓▓▓▓▓▓▓▓▓▓▓▓▓▓▓▓▓▓▓▓▓▓▓♣♣♣♣
SSN.§@)'.††...†)†'...)
▓▓▓▓▓▓▓▓▓▓▓▓▓▓▓▓▓▓♣♣♣♣


You could see a nagaraja (fast, corroded) and a mana viper (corroded).

Vanquished Creatures
  Saint Roka (D)
  Agnes (D)
  Donald (D)
  A nagaraja (D)
  A ghost moth (D)
  A spark wasp (D)
  A fire dragon (D)
  Josephine (D)
  Snorg (D)
  Harold (D)
  A ghost crab (D)
  An ice dragon (D)
  2 rakshasas (D)
  An ogre mage (D)
  An alligator (D)
  2 two-headed ogres (D)
  A deep troll earth mage (D)
  A death yak (D)
  Urug (D)
  A spriggan druid (D)
  2 wizards (D)
  3 lindwurms (D)
  7 orc knights (D)
  An orb spider (D)
  An ugly thing (D)
  3 wolf spiders (D)
  A manticore (D)
  A will-o-the-wisp (D)
  Maurice (D)
  2 naga magi (D)
  A rime drake (D)
  A cane toad (D)
  A hornet (D)
  A tyrant leech (D)
  A blink frog (D)
  A slime creature (D)
  A redback (D)
  4 wraiths (D)
  2 basilisks (D)
  2 tarantellas (D)
  A yak (D)
  A warg (D)
  An acid dragon (D)
  2 water moccasins (D)
  20 orc warriors (D)
  An ice beast (D)
  A black bear (D)
  3 ogres (D)
  9 bullfrogs (D)
  2 wights (D)
  A howler monkey (D)
  3 orc priests (D)
  4 orc wizards (D)
  A hell rat (D)
  4 worms (D)
  8 orcs (D)
  A bat skeleton (D)
  A giant cockroach (D)
  2 goblins (D)
  2 frilled lizards (D)
  A jackal zombie (D)
  A kobold (D)
  A quokka skeleton (D)
  A rat (D)
131 creatures vanquished.

Vanquished Creatures (collateral kills)
  2 bunyips (D)
  A shambling mangrove (D)
  A shock serpent (D)
  A swamp dragon (D)
  An orc knight (D)
  A hornet (D)
  An orc (D)
8 creatures vanquished.

Vanquished Creatures (others)
  A will-o-the-wisp (D)
  A foxfire (D)
2 creatures vanquished.

Grand Total: 141 creatures vanquished

Notes
Turn   | Place    | Note
-------+----------+-------------------------------------------
     0 | D        | mhtbhm the Kobold Berserker began the quest for the Orb.
     0 | D        | Reached XP level 1. HP: 14/14 MP: 1/1
    11 | D        | Reached ** piety under Trog
   166 | D        | Noticed a howler monkey
   167 | D        | Noticed an ogre
   171 | D        | Killed a howler monkey
   172 | D        | Reached skill level 5 in Fighting
   172 | D        | Reached XP level 2. HP: 22/22 MP: 2/2
   172 | D        | Reached XP level 3. HP: 27/27 MP: 3/3
   175 | D        | Reached *** piety under Trog
   180 | D        | Killed an ogre
   181 | D        | Reached XP level 4. HP: 34/34 MP: 4/4
   181 | D        | Reached XP level 5. HP: 38/38 MP: 5/5
   295 | D        | Found a snail-covered altar of Cheibriados.
   295 | D        | Found a shadowy altar of Dithmenos.
   296 | D        | Found a white marble altar of Elyvilon.
   297 | D        | Found a blossoming altar of Fedhas.
   298 | D        | Found an opulent altar of Gozag.
   299 | D        | Found a hazy altar of Hepliaklqana.
   300 | D        | Found a viscous altar of Jiyva.
   301 | D        | Found an ancient bone altar of Kikubaaqudgha.
   302 | D        | Found a corrupted altar of Lugonu.
   303 | D        | Found a burning altar of Makhleb.
   304 | D        | Found a sparkling altar of Nemelex Xobeh.
   305 | D        | Found an iron altar of Okawaru.
   306 | D        | Found a stormy altar of Qazlal.
   307 | D        | Found a sacrificial altar of Ru.
   308 | D        | Found a shimmering blue altar of Sif Muna.
   309 | D        | Found a bloodstained altar of Trog.
   310 | D        | Found a hide-covered altar of Uskayaw.
   311 | D        | Found a radiant altar of Vehumet.
   312 | D        | Found an ornate altar of the Wu Jian Council.
   313 | D        | Found a shimmering altar of Xom.
   314 | D        | Found a basalt altar of Yredelemnul.
   315 | D        | Found a glowing silver altar of Zin.
   316 | D        | Found a glowing golden altar of the Shining One.
   362 | D        | Noticed an orc warrior
   362 | D        | Noticed a hornet
   363 | D        | Noticed a two-headed ogre
   369 | D        | Killed a hornet
   369 | D        | Reached **** piety under Trog
   370 | D        | Reached skill level 10 in Short Blades
   370 | D        | Reached skill level 5 in Dodging
   370 | D        | Reached skill level 1 in Stealth
   370 | D        | Reached XP level 6. HP: 47/47 MP: 6/6
   370 | D        | Noticed a wraith
   372 | D        | Noticed a yak
   380 | D        | HP: 2/47 [two-headed ogre/+0 dire flail (15)]
   381 | D        | Killed a two-headed ogre
   382 | D        | Reached skill level 5 in Long Blades
   382 | D        | Reached skill level 5 in Armour
   382 | D        | Reached XP level 7. HP: 3/54 MP: 7/7
   382 | D        | Reached XP level 8. HP: 3/60 MP: 8/8
   410 | D        | Killed a wraith
   421 | D        | Killed a yak
   769 | D        | Noticed a two-headed ogre
   784 | D        | Killed a two-headed ogre
   785 | D        | Reached XP level 9. HP: 20/65 MP: 9/9
   785 | D        | Reached ***** piety under Trog
   800 | D        | Received a gift from Trog
  1101 | D        | Noticed Harold
  1120 | D        | Killed Harold
  1121 | D        | Reached skill level 5 in Stealth
  1121 | D        | Reached skill level 1 in Evocations
  1121 | D        | Reached XP level 10. HP: 27/72 MP: 10/10
  1413 | D        | Noticed a cane toad
  1421 | D        | Killed a cane toad
  1422 | D        | Reached skill level 10 in Long Blades
  1429 | D        | Noticed a death yak
  1433 | D        | Received a gift from Trog
  1450 | D        | Killed a death yak
  1678 | D        | Noticed a rime drake
  1696 | D        | Killed a rime drake
  1697 | D        | Received a gift from Trog
  1760 | D        | Noticed a lindwurm
  1761 | D        | Noticed a lindwurm
  1762 | D        | Killed a lindwurm
  1763 | D        | Reached XP level 11. HP: 79/79 MP: 11/11
  1764 | D        | Noticed a lindwurm
  1769 | D        | Reached ****** piety under Trog
  1771 | D        | Received a gift from Trog
  1776 | D        | Killed a lindwurm
  1783 | D        | Killed a lindwurm
  1938 | D        | Received a gift from Trog
  1954 | D        | Noticed an orc knight
  1956 | D        | Received a gift from Trog
  1966 | D        | Killed an orc knight
  2095 | D        | Received a gift from Trog
  2385 | D        | Noticed an orc knight
  2387 | D        | Killed an orc knight
  2388 | D        | Noticed an orc knight
  2393 | D        | Noticed an orc knight
  2400 | D        | Found Suryps's Distillery.
  2400 | D        | Noticed an orc knight
  2534 | D        | Killed an orc knight
  2535 | D        | Reached skill level 10 in Armour
  2693 | D        | Killed an orc knight
  2693 | D        | Received a gift from Trog
  2694 | D        | Reached skill level 15 in Fighting
  2893 | D        | Killed an orc knight
  2951 | D        | Found Guarhur's Antique Armour Shop.
  2954 | D        | Found Ygicsata's Antique Armour Boutique.
  2956 | D        | Found Peerybyh's Antique Armour Shop.
  2958 | D        | Noticed an orc knight
  2960 | D        | Noticed an orc knight
  2961 | D        | Noticed an orc knight
  2969 | D        | Killed an orc knight
  2977 | D        | Killed an orc knight
  2978 | D        | Reached XP level 12. HP: 88/88 MP: 12/12
  2983 | D        | Received a gift from Trog
  3023 | D        | Bought a pair of glowing boots for 172 gold pieces
  3026 | D        | Bought a transparent kite shield for 237 gold pieces
  3026 | D        | Identified the +3 kite shield of Reppireh {Rampage *Drain
                  | Str-5 Int+6} (You bought it in a shop in the Dungeon)
  3028 | D        | Bought a pair of runed gloves for 172 gold pieces
  3028 | D        | Bought a shiny helmet for 172 gold pieces
  3058 | D        | Bought a runed helmet for 172 gold pieces
  3066 | D        | Bought a warped ring mail for 225 gold pieces
  3066 | D        | Identified the +3 ring mail of the Valley {+Inv MP+9} (You
                  | bought it in a shop in the Dungeon)
  3075 | D        | Bought a potion of might for 52 gold pieces
  3075 | D        | Bought a potion of curing for 39 gold pieces
  3075 | D        | Bought a potion of curing for 39 gold pieces
  3075 | D        | Bought a potion of curing for 39 gold pieces
  3075 | D        | Bought a potion of haste for 130 gold pieces
  3075 | D        | Bought a potion of invisibility for 104 gold pieces
  3085 | D        | Bought a glowing scale mail for 175 gold pieces
  3146 | D        | Noticed Urug
  3147 | D        | Noticed Maurice
  3156 | D        | Killed Urug
  3157 | D        | Reached skill level 15 in Short Blades
  3157 | D        | Reached skill level 10 in Dodging
  3164 | D        | Killed Maurice
  3331 | D        | Noticed Josephine
  3342 | D        | Killed Josephine
  3342 | D        | Received a gift from Trog
  3389 | D        | Found the +13 scythe of Curses {drain, *Drain}
  3425 | D        | Noticed an ogre mage
  3429 | D        | Killed an ogre mage
  3436 | D        | Received a gift from Trog
  3443 | D        | Reached skill level 10 in Stealth
  3443 | D        | Noticed an ice dragon
  3446 | D        | Noticed a fire dragon
  3825 | D        | Killed an ice dragon
  3836 | D        | Killed a fire dragon
  4103 | D        | Noticed a rakshasa
  4116 | D        | Killed a rakshasa
  4125 | D        | Received a gift from Trog
  4165 | D        | Noticed a deep troll earth mage
  4188 | D        | Killed a deep troll earth mage
  4189 | D        | Reached XP level 13. HP: 82/96 MP: 13/13
  4249 | D        | Noticed a rakshasa
  4265 | D        | Killed a rakshasa
  4265 | D        | Received a gift from Trog
  4377 | D        | Noticed Donald
  4379 | D        | Noticed Saint Roka
  4401 | D        | Killed Donald
  4436 | D        | Killed Saint Roka
  4443 | D        | Received a gift from Trog
  4722 | D        | Noticed Snorg
  4725 | D        | Noticed Agnes
  4734 | D        | Killed Snorg
  4751 | D        | Killed Agnes
  4927 | D        | Noticed a bunyip
  4927 | D        | Noticed a bunyip
  4928 | D        | Noticed a shambling mangrove
  4933 | D        | Killed a bunyip
  4939 | D        | Killed a bunyip
  4942 | D        | Killed a shambling mangrove
  4956 | D        | Noticed a ghost crab
  4966 | D        | Killed a ghost crab
  4966 | D        | Received a gift from Trog
  5212 | D        | Noticed a ghost moth
  5226 | D        | Killed a ghost moth
  5227 | D        | Reached XP level 14. HP: 107/107 MP: 0/14
  5251 | D        | Received a gift from Trog
  5252 | D        | Noticed a spark wasp
  5337 | D        | Killed a spark wasp
  5338 | D        | Reached skill level 1 in Shields
  5349 | D        | Noticed a nagaraja
  5368 | D        | Killed a nagaraja
  5368 | D        | Received a gift from Trog
  5369 | D        | Noticed a nagaraja
  5381 | D        | Killed from afar by a nagaraja

Illustrated notes

Levels and vault maps discovered:
D:        linesprint [early_d, line_temple, items_1, d_10, items_2, lair_1,
          lair_end, items_3, orc_1, orc_end, items_4, d_15, swamp_1, shoals_1,
          snake_1, spider_1, d_20, vaults_1, items_5, swamp_end, shoals_end,
          snake_end, spider_end, vaults_end, d_27, items_6, zot_1, zot_end,
          crypt_end, forest_end, elf_end, slime_end, tomb_end, abyss_end,
          pan_hell_end]

Skill      XL: |  1  2  3  4  5  6  7  8  9 10 11 12 13 14 |
---------------+-------------------------------------------+-----
Fighting       | 5 7 9 11 12 13 15 17 19 20 | 20.5
Short Blades   | 6 8 10 12 13 14 17 19 20 | 20.4
Armour         | 2 3 5 6 7 9 10 11 13 | 13.9
Dodging        | 3 4 5 6 7 8 9 10 11 12 | 12.1
Long Blades    | 2 5 8 9 12 13 | 13.4
Stealth        | 1 2 4 5 6 8 11 13 | 13.6
Evocations     | 1 2 3 |  3.2
Shields        | 2 |  2.2

Action                   |  1- 3 |  4- 6 |  7- 9 | 10-12 | 13-15 || total
-------------------------+-------+-------+-------+-------+-------++-------
Melee: Short sword       |    17 |     7 |       |   110 |       ||   134
       Scimitar          |       |    15 |    49 |    26 |       ||    90
       Rapier            |       |       |       |   191 |       ||   191
       Quick blade       |       |       |       |    30 |   195 ||   225
Invok: Berserk           |     2 |     1 |     3 |    11 |     5 ||    22
       Trog's Hand       |       |       |     1 |     1 |       ||     2
       Brothers in Arms  |       |       |       |     3 |     2 ||     5
Evoke: Wand              |       |     1 |       |     2 |     3 ||     6
  Use: Scroll            |       |     1 |       |       |       ||     1
       Potion            |       |       |     2 |     4 |     2 ||     8
 Stab: Sleeping          |       |       |     1 |     7 |     2 ||    10
Armor: Animal skin       |     1 |       |       |       |       ||     1
       Ring mail         |       |       |     1 |    14 |       ||    15
       Scale mail        |       |       |       |    14 |    25 ||    39
Dodge: Dodged            |     9 |    17 |    24 |   148 |    54 ||   252
Block: Kite shield       |       |       |       |       |    21 ||    21
       Rpst.: Scimitar   |       |     5 |     4 |     9 |       ||    18

Table legend: (Time is in decaauts)
 A = Elapsed time spent in this place.
 B = Non-inter-level travel time spent in this place.
 C = Inter-level travel time spent in this place.
 D = Time resting spent in this place.
 E = Time spent auto-exploring this place.
 F = Levels seen in this place.
 G = Mean time per level.
                   A        B        C        D        E       F      G
               +--------+--------+--------+--------+--------+-----+--------+
         Total |   5250 |   5250 |      0 |   3179 |    503 |   1 | 5250.0 |
       Dungeon |   5250 |   5250 |      0 |   3179 |    503 |   1 | 5250.0 |
               +--------+--------+--------+--------+--------+-----+--------+

Top non-repeatable levels by time:
       D: 5250 daAuts
